 Dungeon Crawl Stone Soup version 0.18.1-50-g88ac8fd (webtiles) character file.

2308 linkert the Slicer (level 9, -1/41 HPs)
             Began as a Spriggan Assassin on Sept 13, 2016.
             Slain by a komodo dragon (25 damage)
             ... on level 7 of the Dungeon on Sept 17, 2016.
             The game lasted 00:30:48 (9849 turns).

linkert the Slicer (Spriggan Assassin)              Turns: 9849, Time: 00:30:49

Health: -1/41      AC:  8    Str:  7    XL:     9   Next: 18%
Magic:  10/10      EV: 27    Int: 12    God:
Gold:   380        SH:  0    Dex: 21    Spells: 0 memorised, 8 levels left

rFire  . . .     SeeInvis +     b - +1 blowgun
rCold  . . .     Gourm    .     z - +4 robe of the Kettle-Drum {rPois}
rNeg   . . .     Faith    +     (shield restricted)
rPois  +         Spirit   .     (helmet restricted)
rElec  .         Dismiss  .     d - +1 cloak
rCorr  .         Reflect  .     (gloves unavailable)
SustAt .         Harm     .     (boots unavailable)
MR     +....                    i - amulet of faith
Stlth  +++++.....               (no ring)
                                p - ring of stealth

@: very quick, somewhat resistant to hostile enchantments, quite stealthy
A: unfitting armour, see invisible, herbivore 3, speed 3, slow metabolism 2
a: no special abilities


You were on level 7 of the Dungeon.
You were not hungry.

You visited 1 branch of the dungeon, and saw 7 of its levels.

You collected 380 gold pieces.

Inventory:

Hand Weapons
 a - a +2 dagger
 b - a +1 blowgun (weapon)
 y - a +0 short sword
Missiles
 e - 2 poisoned needles (quivered)
Armour
 d - a +1 cloak (worn)
 z - the +4 robe of the Kettle-Drum (worn) {rPois}
   (You found it on level 5 of the Dungeon)

   It protects you from poison.
Jewellery
 i - an amulet of faith (around neck)
 p - a ring of stealth (left hand)
 t - an uncursed ring of flight
 v - an uncursed ring of poison resistance {unknown}
Wands
 c - a wand of random effects (28/48)
 w - a wand of iceblast (5/15)
 x - a wand of polymorph (12/24)
 D - a wand of flame (28/48)
Scrolls
 k - 3 scrolls of amnesia
 o - a scroll of identify
 r - a scroll of enchant weapon
 s - 3 scrolls of remove curse
 C - 2 scrolls of enchant armour
 F - 2 scrolls of teleportation
Potions
 f - a potion of degeneration {unknown}
 h - a potion of might {unknown}
 l - 2 potions of flight {unknown}
 m - a potion of lignification
 n - 5 potions of brilliance
 q - a potion of agility
 u - a potion of heal wounds {unknown}
 A - a potion of haste {unknown}
 B - 2 potions of curing
Comestibles
 g - 5 bread rations
 j - 5 fruits
 E - a slice of pizza


   Skills:
 - Level 1.5 Fighting
 * Level 10.8 Short Blades
 - Level 4.0 Throwing
 + Level 9.4 Dodging
 - Level 5.8 Stealth


You had 8 spell levels left.
You didn't know any spells.

Dungeon Overview and Level Annotations

Branches:
Dungeon (7/15)             Temple (0/1) D:5

Altars:
Dithmenos
Gozag
Nemelex Xobeh
Ru
Vehumet
Xom
The Shining One


Innate Abilities, Weirdness & Mutations

You are tiny and cannot use many weapons and most armour.
You have supernaturally acute eyesight.
You are a herbivore.
You cover ground extremely quickly.
You need consume almost no food.


Message History

The komodo dragon is moderately wounded.
You closely miss the komodo dragon.
The komodo dragon is moderately wounded.
The komodo dragon completely misses you.
b - a +1 blowgun (weapon)
Firing (i - inventory):
e - 4 poisoned needles (quivered)
Press: ? - help, Shift-Dir - straight line, f - komodo dragon
Aim: a komodo dragon (moderately wounded)
You shoot a poisoned needle.
The poisoned needle closely misses the komodo dragon.
Firing (i - inventory):
e - 3 poisoned needles (quivered)
Press: ? - help, Shift-Dir - straight line, f/p - komodo dragon
Aim: a komodo dragon (moderately wounded)
You shoot a poisoned needle.
The poisoned needle hits the komodo dragon!
The komodo dragon is poisoned.
The komodo dragon is moderately wounded.
The komodo dragon bites you!!
Ouch! That really hurt!
You die...

#####....###...#.#...
#...#..#..#...#.. ####
##.#...###.....# ...#####
#.....#..#.....#
#.###..######....#...#.....#
.## ##..............#.#...# .
..###..#####.#.....#...#.#...#
...#...# #.....l(.......(...
###.#### ##...@.............
### ##################


You could see a komodo dragon.

Vanquished Creatures
  Sigmund (D:4)
  Menkaure (D:4)
  A sky beast (D:7)
  2 phantoms (D:5)
  3 ogres
  2 centaurs
  2 giant frogs
  2 scorpions
  4 wights (D:7)
  2 howler monkeys
  A crimson imp (D:6)
  A giant frog zombie (D:5)
  A gnoll shaman (D:5)
  4 hounds
  2 orc wizards
  An orc priest (D:4)
  Crazy Yiuf (D:3)
  2 iguanas
  6 worker ants
  A hound zombie (D:5)
  A worker ant zombie (D:6)
  12 gnolls
  9 adders
  A shadow imp (D:5)
  An adder skeleton (D:5)
  2 worms
  5 dart slugs
  22 orcs
  6 giant cockroaches
  8 goblins
  6 hobgoblins
  7 jackals
  5 quokkas
  3 ball pythons
  11 bats
  7 giant newts
  9 kobolds
  2 quokka skeletons
  9 rats
  A fungus (D:3)
167 creatures vanquished.

Notes
Turn   | Place    | Note
--------------------------------------------------------------
     0 | D:1      | linkert the Spriggan Assassin began the quest for the Orb.
     0 | D:1      | Reached XP level 1. HP: 10/10 MP: 2/2
   100 | D:1      | Reached XP level 2. HP: 9/14 MP: 3/3
   666 | D:1      | Reached skill level 3 in Short Blades
   666 | D:1      | Reached XP level 3. HP: 18/18 MP: 4/4
  1644 | D:2      | Reached XP level 4. HP: 22/22 MP: 5/5
  2286 | D:2      | Reached skill level 4 in Short Blades
  3265 | D:3      | Noticed Crazy Yiuf
  3301 | D:3      | Killed Crazy Yiuf
  3301 | D:3      | Reached XP level 5. HP: 25/25 MP: 6/6
  3422 | D:4      | Noticed an ogre
  3429 | D:4      | Killed an ogre
  3429 | D:4      | Reached skill level 5 in Short Blades
  3445 | D:4      | Reached XP level 6. HP: 18/30 MP: 7/7
  3909 | D:4      | Found a glowing golden altar of the Shining One.
  4212 | D:3      | Upgraded the game from 0.18.1-48-g4cf74bf to 0.18.1-50-g88ac8fd
  4558 | D:4      | Reached skill level 6 in Short Blades
  4558 | D:4      | Reached skill level 5 in Dodging
  4726 | D:4      | Noticed Menkaure
  4750 | D:4      | Killed Menkaure
  4750 | D:4      | Reached XP level 7. HP: 5/33 MP: 8/8
  5372 | D:4      | Noticed Sigmund
  5379 | D:4      | Killed Sigmund
  5379 | D:4      | Reached skill level 7 in Short Blades
  5537 | D:5      | Entered Level 5 of the Dungeon
  5926 | D:5      | Found a sacrificial altar of Ru.
  6006 | D:5      | Found a staircase to the Ecumenical Temple.
  6208 | D:5      | Reached skill level 8 in Short Blades
  6208 | D:5      | Reached XP level 8. HP: 19/37 MP: 9/9
  7705 | D:5      | Reached skill level 9 in Short Blades
  7886 | D:5      | Got a sheer robe
  7897 | D:5      | Identified the +4 robe of the Kettle-Drum {rPois} (You found it on level 5 of the Dungeon)
  7916 | D:5      | Found a radiant altar of Vehumet.
  8139 | D:5      | Found a shadowy altar of Dithmenos.
  8149 | D:5      | Found a sparkling altar of Nemelex Xobeh.
  8465 | D:6      | Found a glowing golden altar of the Shining One.
  8681 | D:6      | Reached skill level 10 in Short Blades
  9314 | D:7      | Reached XP level 9. HP: 32/41 MP: 10/10
  9599 | D:7      | Found a shimmering altar of Xom.
  9620 | D:7      | Found an opulent altar of Gozag.
  9813 | D:7      | Noticed a komodo dragon
  9849 | D:7      | Slain by a komodo dragon

Skill      XL: |  1  2  3  4  5  6  7  8  9 |
---------------+----------------------------+-----
Dodging        | 2 3 4 5 6 8 9 |  9.4
Short Blades   | 3 4 5 6 8 10 | 10.8
Throwing       | 3 4 |  4.0
Fighting       | |  1.5
Stealth        | |  5.8

Action                   |  1- 3 |  4- 6 |  7- 9 || total
-------------------------+-------+-------+-------++-------
Melee: Dagger            |   111 |   307 |   603 ||  1021
 Fire: Blowgun           |    22 |    23 |    48 ||    93
  Use: Scroll            |     4 |     6 |     3 ||    13
       Potion            |       |     2 |       ||     2
 Stab: Sleeping          |    12 |    15 |    19 ||    46
       Distracted        |       |     1 |     2 ||     3
  Eat: Fruit             |       |     2 |     2 ||     4
       Bread ration      |       |       |     1 ||     1
Armor: Robe              |    13 |    18 |    20 ||    51
Dodge: Dodged            |    88 |   157 |   300 ||   545
